[Event "*** Titled Tuesday Blitz"]
[Site "Chess.com"]
[Date "2020.05.19"]
[Round "4"]
[White "FMJoseHerrera"]
[Black "IMJonathanCarlstedt"]
[Result "1-0"]
[WhiteElo "2649"]
[BlackElo "2468"]
[TimeControl "180+1"]
[EndTime "12:40:42 PDT"]
[Termination "FMJoseHerrera won by checkmate"]

1. Nf3 g6 2. g3 Bg7 3. Bg2 d6 4. d3 Nc6 5. Nc3 e5 6. h4 h5 7. Bg5 f6 8. Bd2 Nge7 9. e4 Be6 10.
O-O Qd7 11. Be3 Bh3 12. d4 Bxg2 13. Kxg2 exd4 14. Nxd4 O-O-O 15. b4 g5 16. b5 Ne5 17. a4 gxh4 18. a5 hxg3 19. b6 cxb6 20. a6 gxf2 21. axb7+ Qxb7 22. Ndb5 Nf5 23. Bxf2 a6 24. Nd5 axb5 25.
Bxb6 Rdg8 26. Rxf5 Bh6+ 27. Kh1 Ng4 28. Ra7 Ne5 29. Rxb7 Kxb7 30. Bd4 Rg4 31. Nxf6 Rh4+ 32. Kg2 Ng4 33. Bg1 Nxf6 34. Rxf6 Rg4+ 35. Kf1 Rhg8 36. Qd5+ Kc8 37. Qc6+ Kb8 38. Qb6+ Kc8 39. Qc6+ Kb8 40. Qxd6+ Kb7 41. Qb6+ Kc8 42. Rc6+ Kd7 43. Rc7+ Ke8 44. Qb8# 1-0

[Event "*** Titled Tuesday Blitz"]
[Site "Chess.com"]
[Date "2020.05.19"]
[Round "4"]
[White "2nd_life"]
[Black "viktorskliarov"]
[Result "1-0"]
[WhiteElo "2434"]
[BlackElo "2576"]
[TimeControl "180+1"]
[EndTime "12:40:42 PDT"]
[Termination "2nd_life won by resignation"]

1. e4 c5 2. Nf3 Nc6 3. Bb5 e6 4. Bxc6 bxc6 5. O-O Ne7 6. Re1 Ng6 7. b3 e5 8. c3 Be7 9. Bb2 O-O 10. d4 cxd4 11.
cxd4 exd4 12. Qxd4 Bf6 13. Qd2 Bxb2 14. Qxb2 d5 15.
exd5 cxd5 16. Qd4 Qb6 17. Nc3 Qxd4 18. Nxd4 Bb7 19. g3 Rfe8 20. Rxe8+ Rxe8 21. Rc1 Ne5 22. Ncb5 h5 23. Re1 Ba6 24. Nc7 Rc8 25. Nxa6 f6 26. f4 Nd3 27. Rd1 Nc1 28. Nb4 h4 29. Nbc6 Ne2+ 30.
Kf2 Nxd4 31. Ne7+ Kf7 32. Nxc8 Nf5 33. Rxd5 Ke6 34. Rxf5 hxg3+ 35. hxg3 Kxf5 36. Nxa7 g5 37. fxg5 fxg5 38. Nc6 Kg4 39. Ne5+ Kh3 40. Nf7 g4 41. Ne5 Kh2 42. Nxg4+ Kh1 43. Ne3 Kh2 44. g4 Kh1 45.
g5 Kh2 46. g6 1-0

[Event "*** Titled Tuesday Blitz"]
[Site "Chess.com"]
[Date "2020.05.19"]
[Round "4"]
[White "Harry_Rakkel"]
[Black "Isajevsky_Anton"]
[Result "0-1"]
[WhiteElo "2571"]
[BlackElo "2423"]
[TimeControl "180+1"]
[EndTime "12:40:42 PDT"]
[Termination "Isajevsky_Anton won on time"]

1. e4 c5 2. Nf3 d6 3. d4 cxd4 4. Nxd4 Nf6 5. Nc3 a6 6. h3 e5 7.
Nde2 h5 8. g3 Be7 9. Bg2 Be6 10.
O-O Nbd7 11. a4 Rc8 12. f4 O-O 13. f5 Bc4 14. Re1 Re8 15. b3 Bxe2 16. Nxe2 b5 17. axb5 axb5 18. Be3 Qc7 19. c3 Nc5 20. Qc2 Ra8 21.
Kh2 Qb7 22. Bxc5 dxc5 23. c4 b4 24. Rxa8 Rxa8 25. Rd1 Rd8 26. Rxd8+ Bxd8 27. Qd1 Be7 28. Nc1 Qd7 29. Qxd7 Nxd7 30. Kg1 Bg5 31. Nd3 Be3+ 32. Kf1 Bd4 33. Bf3 g6 34. Ke2 Nb8 35. g4 hxg4 36.
hxg4 Kg7 37. g5 f6 38. gxf6+ Kxf6 39. fxg6 Kxg6 40. Bg4 Nc6 41. Bd7 Ne7 42. Kf3 Kg5 43. Ne1 Ng6 44. Be8 Nf4 45. Bc6 Bc3 0-1

[Event "*** Titled Tuesday Blitz"]
[Site "Chess.com"]
[Date "2020.05.19"]
[Round "4"]
[White "kuban1991"]
[Black "hansen"]
[Result "1-0"]
[WhiteElo "2750"]
[BlackElo "2952"]
[TimeControl "180+1"]
[EndTime "12:40:43 PDT"]
[Termination "kuban1991 won on time"]

1. Nf3 Nf6 2. g3 g6 3. Bg2 Bg7 4. O-O O-O 5. d4 d5 6. Nbd2 a5 7. c3 a4 8. Re1 Nbd7 9. e4 Nxe4 10.
Nxe4 dxe4 11. Rxe4 c5 12. Re1 e6 13. Be3 Qa5 14. h4 a3 15. b3 cxd4 16. Nxd4 Nf6 17. c4 Rd8 18. Qe2 Ng4 19. Qxg4 e5 20.
Qe4 exd4 21. Bg5 f6 22. Bf4 d3 23. Rad1 Bg4 24. Bf3 Bxf3 25. Qxf3 Qf5 26. Qxb7 g5 27. hxg5 fxg5 28. Bc7 Bd4 29. Bxd8 Rxd8 30. Qg2 Rf8 31. Rf1 Kg7 32. g4 Qg6 33. Qd5 Rf4 34. Qd7+ Kh6 35. Kg2 1-0

[Event "*** Titled Tuesday Blitz"]
[Site "Chess.com"]
[Date "2020.05.19"]
[Round "4"]
[White "Baby_Legs"]
[Black "ChessicallyInclined"]
[Result "1-0"]
[WhiteElo "2710"]
[BlackElo "2493"]
[TimeControl "180+1"]
[EndTime "12:40:44 PDT"]
[Termination "Baby_Legs won by resignation"]

1. Nf3 Nf6 2. e3 b6 3. d4 Bb7 4. Bd3 g6 5. O-O d5 6. c4 e6 7.
b3 Bg7 8. Ba3 Nbd7 9. Nc3 c5 10.
cxd5 exd5 11. Na4 Rc8 12. Rc1 Ne4 13. dxc5 Nexc5 14. Bb5 a6 15. Nxc5 bxc5 16. Bxd7+ Qxd7 17. Bxc5 f6 18. b4 Kf7 19. Qb3 Rhe8 20. Rfd1 Re4 21.
h3 g5 22. Nd2 Re6 23. Qd3 Bc6 24. Nf3 Rce8 25. Nd4 Re4 26. Nxc6 Qxc6 27. Qxd5+ Qxd5 28. Rxd5 R8e6 29. f3 R4e5 30. Rxe5 Rxe5 31. e4 Re6 32. g4 Kg6 33. Kf2 h5 34. Ke3 hxg4 35. hxg4 Re8 36.
Rd1 Rc8 37. Rd5 Rb8 38. a4 Rc8 39. a5 Rc6 40. Rd6 Rxd6 41. Bxd6 Kf7 42. Kd4 Ke6 43. Kc5 1-0

[Event "*** Titled Tuesday Blitz"]
[Site "Chess.com"]
[Date "2020.05.19"]
[Round "4"]
[White "manmanlai1"]
[Black "Paul66666"]
[Result "1-0"]
[WhiteElo "2361"]
[BlackElo "2596"]
[TimeControl "180+1"]
[EndTime "12:40:44 PDT"]
[Termination "manmanlai1 won by checkmate"]

1. e4 c5 2. Nf3 d6 3. d4 cxd4 4. Nxd4 Nf6 5. Nc3 Nc6 6. Be3 Ng4 7. Bg5 Qb6 8. Bb5 Bd7 9. Bxc6 bxc6 10. O-O Qxb2 11.
Qd2 Qb7 12. Rab1 Qa6 13. h3 Ne5 14. f4 Ng6 15. f5 Ne5 16. Bf4 f6 17. Nce2 g5 18.
Bxe5 dxe5 19. Ne6 Bxe6 20. fxe6 Rd8 21. Rfd1 Qc8 22. Qd7+ Rxd7 23. exd7+ Qxd7 24. Rb8+ Kf7 25. Rxd7 g4 26. Rxa7 Bh6 27. Rxh8 Be3+ 28. Kh2 Bxa7 29. hxg4 Kg7 30. Rc8 Be3 31. Rxc6 Kg6 32. a4 Kg5 33. a5 Kxg4 34. a6 h5 35. Rc7 e6 36. a7 Bxa7 37.
Rxa7 f5 38. Rg7+ Kh4 39. g3# 1-0

[Event "*** Titled Tuesday Blitz"]
[Site "Chess.com"]
[Date "2020.05.19"]
[Round "4"]
[White "GjakanTati"]
[Black "Lovinski"]
[Result "1-0"]
[WhiteElo "2637"]
[BlackElo "2464"]
[TimeControl "180+1"]
[EndTime "12:40:45 PDT"]
[Termination "GjakanTati won by resignation"]

1. d4 d5 2. c4 e6 3. Nf3 a6 4. cxd5 exd5 5. Nc3 Nf6 6. Qc2 Be6 7.
Bg5 Nbd7 8. e3 Bd6 9. Bd3 h6 10. Bh4 O-O 11. O-O c6 12. a3 Bg4 13. Nd2 Qc7 14.
Bg3 Bxg3 15. hxg3 Rfe8 16. b4 Nf8 17. Nb3 Bh5 18. a4 Bg6 19. b5 axb5 20. axb5 Rxa1 21. Rxa1 Bxd3 22. Qxd3 Ne4 23. Nxe4 Rxe4 24. Nc5 Re7 25.
Ra8 g6 26. Qa3 Kg7 27. Kh2 h5 28. b6 Qd6 29. Kg1 Ne6 30. Nxe6+ Qxe6 31. Rb8 Rd7 32. Qf8+ Kf6 33. Qh8+ Kf5 34. Qh6 Qf6 35. Re8 Re7 36. Rc8 Qg5 37. Qf8 Qf6 38. Rc7 Rxc7 39. bxc7 h4 40.
c8=Q+ 1-0

[Event "*** Titled Tuesday Blitz"]
[Site "Chess.com"]
[Date "2020.05.19"]
[Round "4"]
[White "Elbek_Jumanov"]
[Black "ElHelvetico"]
[Result "1-0"]
[WhiteElo "2429"]
[BlackElo "2573"]
[TimeControl "180+1"]
[EndTime "12:40:45 PDT"]
[Termination "Elbek_Jumanov won by resignation"]

1. c4 f5 2. Nf3 Nf6 3. g3 g6 4. Bg2 Bg7 5. O-O O-O 6. Nc3 d6 7. Rb1 a5 8. a3 Nh5 9. d3 f4 10. Ne4 Nc6 11. b4 axb4 12. axb4 Bg4 13. Bb2 Bxb2 14.
Rxb2 Qd7 15. b5 Ne5 16. Nxe5 dxe5 17. Nc5 Qd4 18. Bd5+ Kh8 19. Na4 Rxa4 20. Rd2 Ra3 21. Kg2 fxg3 22. hxg3 c6 23. bxc6 bxc6 24. Bxc6 Qd6 25.
Be4 Nf6 26. f3 Bd7 27. Rh1 Kg7 28. Qc1 Rfa8 29. Rb2 R8a7 30. Qh6+ Kg8 31. c5 Qc7 32. c6 Bf5 33. Bd5+ e6 34. Bc4 g5 35. Rhb1 Ra8 36.
Rb7 Rc8 37. Rxc7 Rxc7 38. Rb8+ 1-0

[Event "*** Titled Tuesday Blitz"]
[Site "Chess.com"]
[Date "2020.05.19"]
[Round "4"]
[White "MariaFominykh"]
[Black "lili_ani"]
[Result "0-1"]
[WhiteElo "2374"]
[BlackElo "2582"]
[TimeControl "180+1"]
[EndTime "12:40:46 PDT"]
[Termination "lili_ani won on time"]

1. d4 Nf6 2. Nf3 e6 3. c4 b6 4. g3 Bb7 5. Bg2 Bb4+ 6. Bd2 Be7 7. O-O O-O 8. Nc3 c5 9. d5 exd5 10. Nh4 g6 11. cxd5 d6 12. Bh6 Re8 13. h3 Na6 14.
Re1 Nc7 15. e4 Nd7 16. Nf3 Bf6 17. Bf4 Nf8 18. a4 g5 19. Bc1 Ng6 20. Nh2 a6 21. Qh5 Nxd5 22. Nxd5 Bxd5 23. Bxg5 Bxg5 24. exd5 Bf6 25.
Ng4 Bxb2 26. Nh6+ Kf8 27. Rab1 Bd4 28. Qf5 Qf6 29. Rxe8+ Rxe8 30. Qxf6 Bxf6 31. Rxb6 Be5 32. Nf5 Rd8 33. Rxa6 Ne7 34. Ne3 Bd4 0-1

[Event "*** Titled Tuesday Blitz"]
[Site "Chess.com"]
[Date "2020.05.19"]
[Round "4"]
[White "BikingBrian"]
[Black "WiktoriaPOL"]
[Result "1-0"]
[WhiteElo "2247"]
[BlackElo "2001"]
[TimeControl "180+1"]
[EndTime "12:40:46 PDT"]
[Termination "BikingBrian won on time"]

1. d4 Nf6 2. Bg5 c5 3. Nc3 cxd4 4. Qxd4 Nc6 5. Qh4 Qb6 6. O-O-O h6 7. e4 d6 8. Bxf6 gxf6 9. Nd5 Qa5 10. f4 Be6 11. a3 Rc8 12. Qe1 Qxe1 13. Rxe1 Bxd5 14.
exd5 Nd4 15. c3 Bg7 16. Kb1 Nb3 17. Bb5+ Kf8 18. Nf3 a6 19. Ba4 Nc5 20. Bc2 b5 21. Nd4 Rc7 22. Nf5 Rd7 23. Re2 e6 24. Rhe1 e5 25.
Nd4 h5 26. Nc6 Bh6 27. Bf5 Rc7 28. fxe5 fxe5 29. Rf1 Kg7 30. Nb4 a5 31. Nd3 Nxd3 32. Bxd3 f6 33. Ref2 Bg5 34. g3 h4 35. g4 Rf8 36.
Bf5 Rc4 37. Rf3 Rf4 38. Rxf4 Bxf4 39. h3 Rd8 40. Kc2 Rb8 41. Bd3 b4 42. axb4 axb4 43.
Ra1 bxc3 44. Ra7+ Kg8 45. bxc3 Re8 46. Be4 1-0

[Event "*** Titled Tuesday Blitz"]
[Site "Chess.com"]
[Date "2020.05.19"]
[Round "4"]
[White "WildTricks"]
[Black "spectralsoul"]
[Result "0-1"]
[WhiteElo "2531"]
[BlackElo "2858"]
[TimeControl "180+1"]
[EndTime "12:40:47 PDT"]
[Termination "spectralsoul won on time"]

1. Nf3 g6 2. e4 Bg7 3. d4 d6 4.
Bc4 Nf6 5. Qe2 O-O 6. e5 Ne8 7. h3 c5 8. dxc5 Qa5+ 9. Nc3 Qxc5 10. Be3 Qa5 11. exd6 Bxc3+ 12. bxc3 Qxc3+ 13. Qd2 Qxa1+ 14. Ke2 Qf6 15. Bd4 Qxd6 16. Qh6 Nc6 17. Bc3 Qc5 18. Ng5 Qxc4+ 19. Kd2 Nf6 20. Bxf6 Rd8+ 21. Kc1 exf6 22. Qxh7+ Kf8 23. Re1 Qf4+ 24. Re3 Qxe3+ 25. fxe3 fxg5 26. Qh6+ Kg8 27. Qxg5 Be6 28. h4 Rd5 29. Qf4 Rad8 30. g4 Kg7 31. h5 gxh5 32. gxh5 Rxh5 33. Kb2 Rd7 34. e4 f6 35. Qe3 Rb5+ 36. Kc1 a6 37.
Qg3+ Rg5 0-1

[Event "*** Titled Tuesday Blitz"]
[Site "Chess.com"]
[Date "2020.05.19"]
[Round "4"]
[White "LimeInTheCoconut"]
[Black "MirMan90"]
[Result "0-1"]
[WhiteElo "2502"]
[BlackElo "2745"]
[TimeControl "180+1"]
[EndTime "12:40:47 PDT"]
[Termination "MirMan90 won on time"]

1. d4 Nf6 2. c4 e6 3. Nf3 d5 4. Nc3 Bb4 5. Bg5 h6 6. Bxf6 Qxf6 7. e3 O-O 8. Rc1 c6 9. cxd5 exd5 10. Be2 Bd6 11.
O-O Re8 12. Ne1 Nd7 13. Nd3 Nf8 14. b4 a6 15. a4 Ne6 16. b5 a5 17. bxc6 bxc6 18.
Bg4 Ba6 19. Be2 Ng5 20. Ne1 Bc8 21. Bg4 Ba6 22. Be2 Bb7 23. Bd3 Ne6 24. Nf3 Bc8 25. Ne2 Bd7 26. Qc2 g6 27. Nd2 h5 28. e4 Nxd4 29. Nxd4 Qxd4 30. exd5 cxd5 31. Bxg6 Rac8 32. Bxf7+ Kxf7 33. Qh7+ Qg7 34. Qxh5+ Kf8 35. Qxd5 Qh6 36. g3 Qe6 37. Qh5 Qf5 0-1

[Event "*** Titled Tuesday Blitz"]
[Site "Chess.com"]
[Date "2020.05.19"]
[Round "4"]
[White "larisakalinina"]
[Black "Angel_Hranitel_37"]
[Result "0-1"]
[WhiteElo "2024"]
[BlackElo "2368"]
[TimeControl "180+1"]
[EndTime "12:40:47 PDT"]
[Termination "Angel_Hranitel_37 won on time"]

1. e4 c5 2. Nf3 e6 3. d4 cxd4 4.
Nxd4 Nf6 5. Bd3 Nc6 6. Be3 e5 7. Nxc6 dxc6 8. O-O Ng4 9. Qf3 Nxe3 10. fxe3 Be6 11.
Nc3 Qb6 12. Na4 Qa5 13. b3 Ba3 14. Rab1 b5 15. Nb2 O-O 16. Nd1 c5 17. c3 Rfd8 18.
Bc2 Rd2 19. b4 cxb4 20. cxb4 Bxb4 21. Bb3 Bxb3 22. axb3 Qc7 23. Nf2 f6 24. Ng4 h5 25.
Nxf6+ gxf6 26. Qxf6 Qg7 27. Qxg7+ Kxg7 28. Rf5 Kg6 29. Rxe5 Rc8 30. Rxb5 a5 31. Rf1 Rcc2 32. Rb6+ Bd6 33. Ra1 Rxg2+ 34. Kf1 Rgf2+ 35. Kg1 Rf6 0-1

[Event "*** Titled Tuesday Blitz"]
[Site "Chess.com"]
[Date "2020.05.19"]
[Round "4"]
[White "1stSecond"]
[Black "rasmussvane"]
[Result "1-0"]
[WhiteElo "2725"]
[BlackElo "2883"]
[TimeControl "180+1"]
[EndTime "12:40:48 PDT"]
[Termination "1stSecond won on time"]

1. Nf3 d5 2. g3 g6 3. d4 Bg7 4. Bg2 Nd7 5. O-O Ngf6 6. a4 a5 7. c3 O-O 8. Nbd2 b6 9. Re1 Bb7 10. b3 Re8 11. Bb2 Rc8 12. Rc1 c5 13. c4 e6 14. e3 Qe7 15. Ne5 Red8 16. Qe2 h5 17. cxd5 Bxd5 18. Ndc4 Bxg2 19. Kxg2 Nxe5 20. dxe5 Nd5 21. e4 Nb4 22. Nxb6 Rb8 23. Nc4 Nd3 24.
Qc2 Nxe1+ 25. Rxe1 Qc7 26. Bc3 Ra8 27. f4 Rd7 28. f5 Bh6 29. fxg6 fxg6 30. Rf1 Rf7 31. Rf6 Kh7 32. Qf2 Raf8 33. Bxa5 Qd7 34. Bc3 Rxf6 35. exf6 Qd6 36. Nxd6 1-0

[Event "*** Titled Tuesday Blitz"]
[Site "Chess.com"]
[Date "2020.05.19"]
[Round "4"]
[White "FrogMist"]
[Black "Bathory44"]
[Result "0-1"]
[WhiteElo "2397"]
[BlackElo "2584"]
[TimeControl "180+1"]
[EndTime "12:40:48 PDT"]
[Termination "Bathory44 won by resignation"]

1. e4 e6 2. d4 d5 3. Nc3 Nf6 4.
e5 Nfd7 5. f4 c5 6. Nf3 Nc6 7.
Be3 Be7 8. Qd2 O-O 9. h4 cxd4 10. Nxd4 Bxh4+ 11. g3 Bxg3+ 12. Kd1 Nxd4 13. Bxd4 f6 14. Bd3 h6 15. exf6 Nxf6 16. Qe3 Bxf4 17. Qxf4 e5 18.
Bxe5 Ng4 19. Qd4 Qg5 20. Rg1 Nf2+ 21. Qxf2 Bg4+ 22. Rxg4 Qxg4+ 23. Qe2 Rf1+ 24. Kd2 Qxe2+ 25. Bxe2 Rxa1 26. Nxd5 Rd8 27. Ke3 Rxd5 28. Bc4 Rd1 29. Bc3 Kf8 30. Bb4+ Ke8 31. Bxd5 Rxd5 32. c4 Rd7 33. Bc3 Kf7 34. Kf4 Ke6 35. b4 g6 36.
c5 Rf7+ 37. Ke4 g5 38. Bd2 Rg7 39. Kf3 h5 40. Kg3 Kf5 41. Bc3 h4+ 42. Kh3 Rd7 0-1

[Event "*** Titled Tuesday Blitz"]
[Site "Chess.com"]
[Date "2020.05.19"]
[Round "4"]
[White "queen_iryna"]
[Black "Shubinkirill2003"]
[Result "0-1"]
[WhiteElo "2332"]
[BlackElo "2568"]
[TimeControl "180+1"]
[EndTime "12:40:48 PDT"]
[Termination "Shubinkirill2003 won by resignation"]

1. d4 e6 2. c4 Nf6 3. Nf3 c5 4. d5 d6 5. Nc3 exd5 6. cxd5 a6 7. a4 g6 8. e4 Bg4 9. h3 Bxf3 10. Qxf3 Bg7 11.
Bd3 O-O 12. O-O Nbd7 13. Bf4 Qe7 14. a5 Nh5 15. Bh2 Be5 16. Qd1 Bxh2+ 17. Kxh2 Nf4 18. g3 Nxd3 19. Qxd3 f5 20. exf5 Rxf5 21. f4 Raf8 22. Rae1 Qf7 23. Ne4 Rxd5 24. Qb3 Rd4 25. Qxb7 h6 26.
Qxa6 Qd5 27. Nf2 Nf6 28. Qe2 Re8 29. Qc2 Kf7 30. Rxe8 Nxe8 31. a6 Nf6 32. a7 Nd7 33. Ra1 Nb6 34. Ng4 Rd2+ 0-1

[Event "*** Titled Tuesday Blitz"]
[Site "Chess.com"]
[Date "2020.05.19"]
[Round "4"]
[White "Raja3401"]
[Black "Sebastian"]
[Result "1-0"]
[WhiteElo "2733"]
[BlackElo "2900"]
[TimeControl "180+1"]
[EndTime "12:40:49 PDT"]
[Termination "Raja3401 won on time"]

1. e4 e5 2. Nf3 Nc6 3. Bb5 Nf6 4. O-O Nxe4 5. Re1 Nd6 6. Nxe5 Be7 7. Bf1 Nf5 8. Nf3 O-O 9. d4 d5 10. c3 Bd6 11. Bd3 Re8 12. Rxe8+ Qxe8 13. Nbd2 f6 14. Nf1 Qf7 15. Ng3 Nce7 16. Qc2 g6 17. Bd2 Bd7 18. Re1 Re8 19. c4 Nxg3 20. hxg3 dxc4 21. Bxc4 Nd5 22. Qb3 Rxe1+ 23. Nxe1 Bc6 24. Nc2 b5 25. Bxb5 Bxb5 26. Qxb5 Nb6 27. b3 Qd5 28. Qe8+ Kg7 29. Bf4 Bxf4 30. gxf4 Qd6 31. g3 Nd5 32. Ne3 Nxe3 33. Qxe3 Kf7 34. Qc3 Ke7 35. Qc4 Kf8 36. Kg2 Kg7 37.
Qc5 Qd7 38. Qxa7 h5 39. Qc5 1-0

[Event "*** Titled Tuesday Blitz"]
[Site "Chess.com"]
[Date "2020.05.19"]
[Round "4"]
[White "northridgehawk"]
[Black "Machidon"]
[Result "0-1"]
[WhiteElo "2255"]
[BlackElo "2559"]
[TimeControl "180+1"]
[EndTime "12:40:49 PDT"]
[Termination "Machidon won by resignation"]

1. e4 c6 2. Nc3 d5 3. Nf3 dxe4 4.
Nxe4 Nf6 5. Nxf6+ exf6 6. d4 Bd6 7. Bd3 O-O 8. O-O Nd7 9. c3 Re8 10.
Bd2 Nf8 11. Qc2 Ng6 12. Rfe1 Bg4 13. Rxe8+ Qxe8 14. Re1 Qd7 15. Qd1 Re8 16. Rxe8+ Qxe8 17. h3 Be6 18. Qa4 a6 19. Qc2 Bd5 20. Nh2 Qe6 21.
b3 Nh4 22. f3 Bxh2+ 23. Kxh2 Qd6+ 24. f4 Nxg2 25. Qc1 Nh4 26. Kg3 g5 27. Qe1 Be6 28. Qe4 Ng6 29. c4 Kg7 30. Kf2 gxf4 31. h4 f5 32. Qg2 Qxd4+ 33. Ke2 h5 34. Qf3 Ne5 35. Qg2+ Kh7 36. Bc2 f3+ 0-1

[Event "*** Titled Tuesday Blitz"]
[Site "Chess.com"]
[Date "2020.05.19"]
[Round "4"]
[White "Yashasd1995"]
[Black "frankshar"]
[Result "0-1"]
[WhiteElo "2558"]
[BlackElo "2372"]
[TimeControl "180+1"]
[EndTime "12:40:49 PDT"]
[Termination "frankshar won by resignation"]

1. b3 d5 2. Bb2 Nf6 3. e3 Bg4 4. Be2 Bxe2 5. Qxe2 c5 6. Qb5+ Qd7 7. Qxc5 e6 8. Qc3 Nc6 9. a3 Rc8 10. Qd3 Bd6 11. Qe2 e5 12. d3 O-O 13. Nf3 Rfe8 14. e4 dxe4 15. dxe4 Nd4 16. Nxd4 exd4 17. f3 Qc7 18.
Bxd4 Bxh2 19. Bxf6 gxf6 20. c4 Bg3+ 21. Kf1 f5 22. Nc3 fxe4 23. fxe4 Qf4+ 24. Qf3 Qe5 25. Rd1 Rc6 26. Rd5 Rf6 27. Rxe5 Rxf3+ 28. gxf3 Bxe5 29. Nd5 Re6 30. Ke2 Kg7 31. f4 Bb2 32. Kf3 Bxa3 33. Ra1 Bc5 34. b4 Bd4 35. c5 Bxa1 36. f5 Rc6 37.
Nf4 f6 38. Nh5+ Kf7 39. Nf4 Be5 40. Ne6 a6 41. Nd8+ Ke7 42. Nxb7 Bc3 43. Na5 Kd7 44. b5 axb5 45. Nxc6 Kxc6 46. e5 Bxe5 47. Ke4 Kxc5 48.
Kd3 Kd5 49. Kc2 Bd4 50. Kb3 Ke5 51. Kb4 Kxf5 52. Kxb5 h5 53. Kc4 h4 54. Kxd4 h3 55. Ke3 h2 56. Kf2 h1=Q 57. Ke3 Qe4+ 58. Kd2 Qf3 0-1

[Event "*** Titled Tuesday Blitz"]
[Site "Chess.com"]
[Date "2020.05.19"]
[Round "4"]
[White "Azoulas1"]
[Black "doctorcristian"]
[Result "0-1"]
[WhiteElo "1959"]
[BlackElo "2363"]
[TimeControl "180+1"]
[EndTime "12:40:49 PDT"]
[Termination "doctorcristian won on time"]

1. e4 c6 2. d4 d5 3. Nc3 dxe4 4. Nxe4 Nf6 5. Nxf6+ gxf6 6. Nf3 Bg4 7. Be2 Bg7 8. h3 Bh5 9. O-O O-O 10. Be3 Nd7 11.
c4 e6 12. Rc1 Re8 13. b3 Nb6 14. a4 Nc8 15. Nh2 Bxe2 16. Qxe2 f5 17. Rfd1 Ne7 18.
Nf3 Ng6 19. Bg5 f6 20. Be3 Qd7 21. h4 Qc7 22. h5 Nf4 23. Qd2 Nxh5 24. d5 Rad8 25. Qb4 Bf8 26. Qe1 exd5 27. cxd5 f4 28. dxc6 fxe3 29. cxb7 exf2+ 30. Qxf2 Rxd1+ 31. Rxd1 Qxb7 32. Qh4 Qf7 33. Rd4 Bc5 34. Kh2 Bxd4 35. Nxd4 Qg6 36. Nc6 Re4 37. Qh3 Qg4 0-1

[Event "*** Titled Tuesday Blitz"]
[Site "Chess.com"]
[Date "2020.05.19"]
[Round "4"]
[White "BulletMercenary"]
[Black "ENajer77"]
[Result "0-1"]
[WhiteElo "2107"]
[BlackElo "2551"]
[TimeControl "180+1"]
[EndTime "12:40:50 PDT"]
[Termination "ENajer77 won by resignation"]

1. e4 c6 2. d4 d5 3. exd5 cxd5 4. c4 Nf6 5. Nc3 e6 6. Bd3 Nc6 7. Nf3 dxc4 8. Bxc4 Be7 9. O-O O-O 10. a3 Bd7 11. d5 exd5 12. Nxd5 Nxd5 13. Qxd5 Bf6 14. Bf4 Be6 15. Qxd8 Raxd8 16. Bxe6 fxe6 17. Rab1 Rd5 18. Rfe1 Kf7 19. Kf1 Rfd8 20. Ke2 h6 21. Be3 a6 22. b3 Be7 23. a4 Nb4 24. Red1 Na2 25. Rxd5 Rxd5 26.
Ra1 Nc3+ 27. Kf1 Bf6 28. Rc1 Rd3 29. Bd2 Nd5 30. b4 Rb3 31. Rc4 Ke7 32. a5 Kd7 33. Ne1 Rb2 34. Nf3 Kd6 35. g3 Be7 36.
Ke1 Bf6 37. Kd1 Rb1+ 38. Kc2 Rf1 39. Kd3 Rxf2 40. Ne1 Rxh2 41. Nc2 Rg2 42. Ne3 Rxg3 0-1

[Event "*** Titled Tuesday Blitz"]
[Site "Chess.com"]
[Date "2020.05.19"]
[Round "4"]
[White "nurgyulsalimova"]
[Black "VaKukl"]
[Result "0-1"]
[WhiteElo "2567"]
[BlackElo "2373"]
[TimeControl "180+1"]
[EndTime "12:40:50 PDT"]
[Termination "VaKukl won on time"]

1. e4 e6 2. d4 d5 3. Nc3 Nf6 4. Bg5 Bb4 5. e5 h6 6. Bd2 Bxc3 7. Bxc3 Ne4 8. Bb4 c5 9. dxc5 Nc6 10. a3 Nxe5 11.
Nf3 Qf6 12. Bb5+ Bd7 13. Bxd7+ Nxd7 14. O-O a5 15. Be1 Ndxc5 16. b4 axb4 17. Bxb4 O-O 18. Nd4 Rfc8 19. f3 Ng5 20. Nb5 Na4 21. Qe2 Rc6 22. Rad1 Rac8 23. Nd4 Rc4 24. Qe3 e5 25. Nb5 d4 26.
Qb3 Nb6 27. Nd6 Rxb4 28. Qxb4 Nd5 29. Qxb7 Rd8 30. Qxd5 Rxd6 31. Qb3 Ne6 32. a4 Nf4 33. Qb8+ Kh7 34. Kh1 Qg6 35. g3 Nh3 36. Qb3 Rc6 37. Qd3 Qxd3 38. cxd3 Rc2 39. Rde1 Nf2+ 40. Rxf2 Rxf2 41.
Rxe5 Rxf3 42. Re7 Kg6 43. a5 Rxd3 44. a6 Ra3 45. a7 Kf6 46. Rd7 Ke6 47. Rxd4 Rxa7 48.
Kg2 Ke5 49. Rb4 Ra2+ 50. Kh3 f5 51. Rc4 g5 52. Rc5+ Ke4 0-1

[Event "*** Titled Tuesday Blitz"]
[Site "Chess.com"]
[Date "2020.05.19"]
[Round "4"]
[White "mortngabriel"]
[Black "SHIVACalypso"]
[Result "1-0"]
[WhiteElo "2465"]
[BlackElo "2292"]
[TimeControl "180+1"]
[EndTime "12:40:50 PDT"]
[Termination "mortngabriel won by checkmate"]

1. e4 e6 2. Nf3 d5 3. e5 c5 4. b4 cxb4 5. a3 Nh6 6. axb4 Bxb4 7. c3 Be7 8. d4 Nf5 9. Bd3 Nc6 10. O-O O-O 11. g4 Nh4 12. Nxh4 Bxh4 13. f4 f6 14. Nd2 fxe5 15. dxe5 Be7 16. Nf3 b5 17. Be3 b4 18.
cxb4 Nxb4 19. Bb1 a5 20. Nd4 Bc5 21. Qd2 Qb6 22. f5 Nc6 23. Ra4 Nxe5 24. fxe6 Rxf1+ 25.
Kxf1 Nxg4 26. Bg1 Qxb1+ 27. Kg2 Qe4+ 28. Nf3 Qxa4 29. Qxd5 Qc2+ 30. Kh3 Bxe6 31. Qxe6+ Kh8 32. Qxg4 Rf8 33. Bxc5 Re8 34. Bd4 Rg8 35. Ne5 Qc7 36. Ng6+ hxg6 37. Qh4# 1-0

[Event "*** Titled Tuesday Blitz"]
[Site "Chess.com"]
[Date "2020.05.19"]
[Round "4"]
[White "GM_LOADING"]
[Black "NikolaGry"]
[Result "0-1"]
[WhiteElo "2440"]
[BlackElo "2612"]
[TimeControl "180+1"]
[EndTime "12:40:51 PDT"]
[Termination "NikolaGry won by resignation"]

1. e4 e5 2. Nf3 d6 3. d4 exd4 4.
Nxd4 Nf6 5. Nc3 g6 6. g3 Bg7 7. Bg2 O-O 8. O-O Re8 9. Re1 Bd7 10. Bg5 h6 11. Bf4 Nc6 12. Nxc6 Bxc6 13. Qd3 Nd7 14. Rad1 Nc5 15. Qc4 g5 16. Bc1 a6 17. Nd5 b5 18.
Qe2 f5 19. Qh5 Nxe4 20. h4 Bxd5 21. Rxd5 Nf6 22. Rxe8+ Qxe8 23. Qxe8+ Rxe8 24. Rd1 Ne4 25. hxg5 hxg5 26. Bxe4 Rxe4 27. Bxg5 Bxb2 28. Rd5 Re5 29. Rd3 Rc5 30. Rf3 Kh7 31. Bd8 Kg6 32. Rb3 Be5 33. f4 Bd4+ 34. Kg2 Rxc2+ 35. Kh3 Rc3 36. Rxc3 Bxc3 37.
Bxc7 d5 38. g4 a5 39. Kg3 a4 40. Bd6 b4 41. Kf3 b3 42. axb3 axb3 43. gxf5+ Kxf5 44. Ba3 b2 0-1

[Event "*** Titled Tuesday Blitz"]
[Site "Chess.com"]
[Date "2020.05.19"]
[Round "4"]
[White "ljuks68"]
[Black "cukin84"]
[Result "0-1"]
[WhiteElo "2355"]
[BlackElo "2135"]
[TimeControl "180+1"]
[EndTime "12:40:51 PDT"]
[Termination "cukin84 won on time"]

1. e4 c6 2. d4 d5 3. e5 c5 4. Nf3 Nc6 5. c4 dxc4 6. d5 Nd4 7.
Nxd4 cxd4 8. Qxd4 e6 9. d6 Nh6 10. Bxc4 Nf5 11. Qd3 Qa5+ 12. Qc3 Qd8 13. O-O Bd7 14.
Nd2 g6 15. Ne4 Bg7 16. Bg5 Qb6 17. Nf6+ Bxf6 18. Bxf6 Rg8 19. Rac1 Rc8 20. Qd3 a6 21. Rfd1 h6 22. Bb3 Rc5 23. Rc4 Qc6 24. Rdc1 b6 25.
Ba4 Qb7 26. Rxc5 bxc5 27. Rxc5 Bxa4 28. Rc7 Qd5 29. Qxd5 exd5 30. Rc8+ Kd7 31. Rxg8 d4 32. Rf8 d3 33. e6+ fxe6 34. Bc3 Nxd6 35. Rg8 g5 36. Rg6 Ne4 37. Ba5 Kd6 0-1

[Event "*** Titled Tuesday Blitz"]
[Site "Chess.com"]
[Date "2020.05.19"]
[Round "4"]
[White "nabukatnezarr"]
[Black "Grandelicious"]
[Result "0-1"]
[WhiteElo "2506"]
[BlackElo "2752"]
[TimeControl "180+1"]
[EndTime "12:40:52 PDT"]
[Termination "Grandelicious won by resignation"]

1. d4 d5 2. c4 e6 3. Nc3 a6 4. cxd5 exd5 5. Nf3 h6 6. Qb3 Nf6 7. Bf4 Bd6 8. Be5 c6 9. e3 O-O 10. Bd3 Bxe5 11. Nxe5 Nbd7 12. Nf3 Ne8 13. h3 Nd6 14. Qc2 Qe7 15. O-O-O Re8 16. Kb1 Ne4 17. Bxe4 dxe4 18. Nd2 Nf6 19. Nc4 Bf5 20. g4 Bh7 21. Nb6 Rad8 22.
Nca4 Bg6 23. Rdg1 Rxd4 24. h4 Red8 25. h5 Bh7 26. g5 hxg5 27. Rxg5 Rd2 28. Qc1 Rxf2 29.
Rhg1 Ne8 30. Qc3 Qf6 31. Re5 Rf1+ 32. Rxf1 Qxf1+ 33. Qc1 Qd3+ 34. Ka1 Nf6 35. Nc5 Qxe3 36. Kb1 Qd4 37. Nxb7 e3+ 38. Ka1 Qd1 39. Rc5 e2 40. Nxd8 e1=Q 0-1